 Dungeon Crawl Stone Soup version 0.29.0-4-gdea44cf6ec (webtiles) character file.

Game seed: 8373468824934743382

110 qw the Chopper (level 4, -2/35 HPs)
             Began as a Demonspawn Cinder Acolyte on Sept 8, 2022.
             Was a High Priest of Ignis.
             Slain by an orc priest
             ... wielding a +0 whip
              (6 damage)
             ... on level 3 of the Dungeon.
             The game lasted 00:00:52 (2836 turns).

qw the Chopper (Demonspawn Cinder Acolyte)          Turns: 2836, Time: 00:00:53

Health: -2/35      AC: 18    Str: 17    XL:     4   Next: 61%
Magic:  5/5        EV:  6    Int: 15    God:    Ignis [*****.]
Gold:   216        SH:  0    Dex:  8    Spells: 5/5 levels left

rFire   + . .      SeeInvis .   Y - +1 hand axe (flame)
rCold   . . .      Faith    .   (no shield)
rNeg    . . .      Spirit   .   i - +0 plate armour
rPois   .          Reflect  .   d - +0 helmet
rElec   .          Harm     .   (no cloak)
rCorr   .          Rampage  .   (no gloves)
Will    .....                   (no boots)
Stlth   ..........              (no amulet)
HPRegen 0.11/turn               (no ring)
MPRegen 0.09/turn               (no ring)

@: about to teleport, fiery-armoured
A: spiny 1, sturdy frame 1
a: Renounce Religion, Fiery Armour, Foxfire Swarm, Rising Flame


You were on level 3 of the Dungeon.
You worshipped Ignis.
Ignis was extremely pleased with you.
You visited 1 branch of the dungeon, and saw 3 of its levels.

You collected 216 gold pieces.


Innate Abilities, Weirdness & Mutations

You are partially covered in sharp spines.
Your movements are slightly less encumbered by armour. (ER -2)


   Skills:
 - Level 3.0 Fighting
 + Level 4.3 Axes
 - Level 2.0 Armour
 - Level 1.0 Spellcasting
 - Level 2.6 Fire Magic


You had 5 spell levels left.
You didn't know any spells.
Your spell library contained the following spells:

 Spells                   Type           Power      Damage    Failure   Level
 Scorch                   Fire           16%        2d5       96%         2

Inventory:

Hand Weapons
 Y - a +1 hand axe of flaming (weapon)
Armour
 b - an orb of energy
 d - a +0 helmet (worn)
 i - a +0 plate armour (worn)
 n - a +0 pair of gloves
Scrolls
 a - 2 scrolls of identify
 c - 2 scrolls of teleportation
 g - a scroll of brand weapon {unknown}
Potions
 e - 2 potions of curing
 f - a potion of resistance {unknown}
 h - 3 potions of mutation {unknown}
 j - a potion of might {unknown}
 k - a potion of attraction {unknown}
 l - a potion of haste {unknown}
 m - 2 potions of flight {unknown}

Dungeon Overview and Level Annotations

Branches:
Dungeon (3/15)

Altars:


Message History

You hit the orc. You burn the orc.
The orc is almost dead.
You hit the orc but do no damage. The orc barely misses you.
You barely miss the orc.
The orc is almost dead.
You barely miss the orc. The orc is struck by your spines.
You kill the orc!
The orc hits you with a +0 hand axe.
You barely miss the orc priest. You barely miss the orc.
The orc priest hits you but does no damage.
The orc hits you with a +0 hand axe. x2
The orc priest hits you but does no damage.
You hit the orc priest. You burn the orc priest.
The orc priest is moderately wounded.
You hit the orc but do no damage. The orc is struck by your spines.
The orc hits you but does no damage. The orc priest hits you with a +0 whip.
You completely miss the orc priest.
The orc priest is moderately wounded.
You hit the orc. You burn the orc. The orc hits you but does no damage.
The orc priest is struck by your spines.
The orc priest hits you with a +0 whip.
2834 ||| INVOKING Fiery Armour.
A protective cloak of flame settles atop you.
The orc priest looks braver for a moment.
The orc is struck by your spines.
You kill the orc!
You closely miss the orc priest.
The orc priest is heavily wounded.
The orc priest mumbles some strange prayers to Beogh against you.
Beogh smites you!
2836 ||| READING 3 scrolls of teleportation.
As you read the scroll of teleportation, it crumbles to dust.
You feel strangely unstable.
The orc priest is struck by your spines.
The orc priest hits you with a +0 whip.
You die...

.# .# .# #########
####### .# ........#
....... .#
#.........##....... .#
#..................
.#####..................
.....+..........)o.....>
'#####..........@).#
...# #.........#####
...###%..........#
.....%...........#
...#####)........#
########.........# #
#...#.........###### #
#.#.#..............# #
#...'..............#


You could see an orc priest.

Vanquished Creatures
  3 adders
  A worm (D:2)
  2 dart slugs
  4 orcs (D:3)
  5 ball pythons
  5 bats
  4 endoplasms
  5 hobgoblins
  9 jackals
  6 kobolds
  4 quokkas
  3 frilled lizards
  9 goblins
  5 rats
65 creatures vanquished.

Notes
Turn   | Place    | Note
-------+----------+-------------------------------------------
     0 | D:1      | qw the Demonspawn Cinder Acolyte began the quest for the
                  | Orb.
     0 | D:1      | Reached XP level 1. HP: 18/18 MP: 2/2
     0 | D:1      | 0 ||| qw: Version: 0.1-a-112-g44dc6cd
     0 | D:1      | 0 ||| qw: Game counter: 6770
     0 | D:1      | 0 ||| qw: Always use a shield: true
     0 | D:1      | 0 ||| qw: God list: Okawaru
     0 | D:1      | 0 ||| qw: Allow faded altars: false
     0 | D:1      | 0 ||| qw: Do Orc after D:15 true
     0 | D:1      | 0 ||| qw: Do second Lair branch before Depths: true
     0 | D:1      | 0 ||| qw: Lair rune preference: random
     0 | D:1      | 0 ||| qw: Plans: Normal
     0 | D:1      | 0 ||| PLANNING D:1-11
    71 | D:1      | 71 ||| Stepping ~*~*~tactically~*~*~ (stealth).
    73 | D:1      | Reached skill level 3 in Axes
    75 | D:1      | 75 ||| INVOKING Fiery Armour.
    78 | D:1      | Gained mutation: Your movements are slightly less
                  | encumbered by armour. (ER -2) [demonic ancestry]
    78 | D:1      | Reached XP level 2. HP: 14/24 MP: 3/3
  1216 | D:1      | 1216 ||| UPGRADING to +0 helmet.
  1221 | D:1      | 1221 ||| UPGRADING to +0 plate armour.
  1231 | D:1      | 1231 ||| DROPPING +0 robe.
  1232 | D:1      | 1232 ||| READING 2 scrolls labelled AHIERCH PORCHAXT.
  1233 | D:1      | 1233 ||| READING scroll labelled YZILLI YHUPPAMM.
  1234 | D:1      | 1234 ||| READING scroll labelled OPAFUS GI DAE.
  1235 | D:1      | 1235 ||| READING 2 scrolls labelled OSSEAM SIEDEBB.
  1236 | D:1      | 1236 ||| READING scroll of enchant weapon.
  1236 | D:1      | 1236 ||| ENCHANTING +0 hand axe of flaming.
  1363 | D:2      | Reached skill level 1 in Armour
  1363 | D:2      | Gained mutation: You are partially covered in sharp spines.
                  | [demonic ancestry]
  1363 | D:2      | Reached XP level 3. HP: 29/29 MP: 4/4
  1589 | D:2      | 1589 ||| Stepping ~*~*~tactically~*~*~ (stealth).
  1590 | D:2      | 1590 ||| Stepping ~*~*~tactically~*~*~ (stealth).
  1591 | D:2      | 1591 ||| Stepping ~*~*~tactically~*~*~ (stealth).
  1592 | D:2      | 1592 ||| Stepping ~*~*~tactically~*~*~ (stealth).
  1664 | D:2      | Reached skill level 4 in Axes
  2163 | D:2      | Found a faded altar of an unknown god.
  2165 | D:2      | 2165 ||| READING scroll labelled WINNUKHUVIT.
  2166 | D:2      | 2166 ||| READING 3 scrolls labelled VEOPSE LYOROUR.
  2169 | D:2      | 2169 ||| READING scroll labelled COTSARR DEHA.
  2312 | D:2      | 2312 ||| DRINKING 2 brown potions.
  2332 | D:3      | Reached XP level 4. HP: 35/35 MP: 5/5
  2498 | D:3      | 2498 ||| Stepping ~*~*~tactically~*~*~ (stealth).
  2499 | D:3      | 2499 ||| Stepping ~*~*~tactically~*~*~ (stealth).
  2556 | D:3      | 2556 ||| Stepping ~*~*~tactically~*~*~ (stealth).
  2834 | D:3      | 2834 ||| INVOKING Fiery Armour.
  2835 | D:3      | HP: 4/35 [orc priest/divine providence (13)]
  2836 | D:3      | 2836 ||| READING 3 scrolls of teleportation.
  2836 | D:3      | Slain by an orc priest

Levels and vault maps discovered:
D:1:      scummos_arrival_checkerplants, layout_basic, minmay_misc_feat_hallway
D:2:      layout_basic, shapermc_ecumenical_altar_hornbeckon
D:3:      minmay_spotlight, layout_basic

Skill      XL: |  1  2  3  4 |
---------------+-------------+-----
Axes           | 3 4 |  4.3
Armour         | 1 2 |  2.0
Fighting       | |  3.0
Spellcasting   | |  1.0
Fire Magic     | |  2.6

Action                   |  1- 3 |  4- 6 || total
-------------------------+-------+-------++-------
Melee: Hand axe          |   100 |    42 ||   142
Invok: Fiery Armour      |     1 |     1 ||     2
  Use: Scroll            |     8 |     1 ||     9
       Potion            |     1 |       ||     1
Armor: Robe              |    20 |       ||    20
       Plate armour      |    24 |    19 ||    43
Dodge: Dodged            |    54 |     9 ||    63

Table legend:
 A = Non-vault XP
 B = Vault XP
 C = Vault XP percentage of total XP
 D = Non-vault monster count
 E = Vault monster count
 F = Vault count percentage of total count
                 A         B        C        D         E       F
            +---------+---------+-------+---------+---------+-------
      Total |     155 |       3 |   1.9 |      62 |       3 |   4.6
            +---------+---------+-------+---------+---------+-------
        D:1 |      34 |       0 |   0.0 |      19 |       0 |   0.0
        D:2 |      62 |       0 |   0.0 |      20 |       0 |   0.0
        D:3 |      59 |       3 |   4.8 |      23 |       3 |  11.5
            +---------+---------+-------+---------+---------+-------
